 Dungeon Crawl Stone Soup version 0.32-a0-520-g344ed53f66 (webtiles) character file.

Game seed: 2724903973436418393

2303 anonymouscript the Chucker (level 9, -6/121 HPs)
             Began as a Troll Warper on Feb 28, 2024.
             Mangled by a killer bee (8 damage)
             ... on level 6 of the Dungeon.
             The game lasted 00:23:34 (4385 turns).

anonymouscript the Chucker (Troll Warper)           Turns: 4385, Time: 00:23:34

Health: -6/121     AC:  5    Str: 23    XL:     9   Next: 18%
Magic:  12/12      EV: 10    Int:  9    God:
Gold:   322        SH:  0    Dex: 11    Spells: 8/13 levels left

rFire   . . .        i - +11 mace "Glorpo" {heavy, +Blink rN+}
rCold   . . .        (no shield)
rNeg    + . .        k - +0 troll leather armour {Pargi}
rPois   .            (helmet restricted)
rElec   .            (no cloak)
rCorr   .            (gloves unavailable)
SInv    .            (boots unavailable)
Will    .....        (no amulet) Stlth
                     (no ring)
HPRegen 2.00/turn    (no ring)
MPRegen 0.13/turn

%: no passive effects
@: berserking (expiring), lethally poisoned (-6 -> -11), very quick
A: large, unfitting armour, claws 3, regeneration 1, shaggy fur 1, tough skin 1
a: Evoke Blink


You were on level 6 of the Dungeon.
You visited 1 branch of the dungeon, and saw 7 of its levels.
You also visited: Sewer.

You collected 582 gold pieces.
You spent 260 gold pieces at shops.

Inventory:

Hand Weapons
 i - the +11 mace "Glorpo" (weapon) {heavy, +Blink rN+}
   (You found it on level 4 of the Dungeon)

   rN+:       It protects you from negative energy.
   +Blink:    It lets you blink.
Missiles
 c - 7 darts of dispersal
 f - 94 stones
 g - 5 boomerangs (quivered)
 l - 4 poisoned darts
 x - 4 curare-tipped darts
Armour
 a - a +0 robe
 k - a +0 troll leather armour (worn) {Pargi}
Talismans
 r - a serpent talisman
Wands
 t - a wand of polymorph (5)
 E - a wand of flame (23)
Scrolls
 h - 2 scrolls of teleportation {unknown}
 j - 2 scrolls of immolation {unknown}
 o - 2 scrolls of enchant weapon
 p - 2 scrolls of revelation
 v - a scroll of enchant armour {unknown}
 y - a scroll of fear {unknown}
 D - a scroll of fog {unknown}
 F - a scroll of poison {unknown}
Potions
 e - a potion of invisibility
 m - 3 potions of cancellation
 n - 2 potions of brilliance
 q - a potion of degeneration {unknown}
 s - 2 potions of berserk rage
 u - a potion of lignification {unknown}
 w - 2 potions of might {unknown}
 z - 4 potions of curing
 A - a potion of enlightenment {unknown}
 B - a potion of haste
 C - a potion of ambrosia


   Skills:
 + Level 3.0 Fighting
 + Level 4.5 Maces & Flails
 + Level 6.1 Throwing
 + Level 2.6 Armour
 + Level 3.3 Dodging
 + Level 1.0 Stealth
 - Level 3.3 Unarmed Combat
 + Level 2.8 Spellcasting
 + Level 3.0 Translocations
 + Level 1.7 Earth Magic


You had 8 spell levels left.
You knew the following spells:

 Your Spells              Type           Power      Damage    Failure   Level
a - Blink                 Tloc           12%        N/A       16%         2
b - Lesser Beckoning      Tloc           12%        N/A       16%         2
c - Sandblast             Erth           8%         2d5       17%         1

Your spell library contained the following spells:

 Spells                   Type           Power      Damage    Failure   Level
 Teleport Other           Tloc           6%         N/A       30%         3
 Passwall                 Erth           4%         N/A       45%         3
 Stone Arrow              Conj/Erth      4%         3d7       58%         3
 Manifold Assault         Tloc           6%         N/A       69%         4
 Vhi's Electric Charge    Tloc/Air       8%         N/A       88%         4
 Brom's Barrelling Bould  Conj/Erth      2%         2d3       94%         4


Dungeon Overview and Level Annotations

Branches:
Dungeon (7/15)              Sewer (visited)
 Temple: D:4-7

Altars:
Kikubaaqudgha
Vehumet

Shops:
D:1 [   D:6 !


Innate Abilities, Weirdness & Mutations

You are too large for most types of armour.
You have claws for hands.
Your natural rate of healing is unusually fast.
You are covered in fur. (AC +1)
You have tough skin. (AC +1)


Message History

The killer bee stings you.
* * * LOW HITPOINT WARNING * * *
You are more poisoned.
The killer bee poisons you! The killer bee misses you.
The killer bee stings you.
* * * LOW HITPOINT WARNING * * *
The killer bee closely misses you.
The killer bee stings you but does no damage.
You miss the killer bee.
The killer bee is almost dead.
You feel very sick. The killer bee barely misses you.
The killer bee stings you.
* * * LOW HITPOINT WARNING * * *
The killer bee stings you.
* * * LOW HITPOINT WARNING * * *
The killer bee closely misses you.
The killer bee stings you but does no damage.
The killer bee barely misses you.
The killer bee stings you but does no damage. x2
The killer bee stings you.
* * * LOW HITPOINT WARNING * * *
You are more poisoned.
The killer bee poisons you!
You bludgeon the killer bee!!
You kill the killer bee!
You feel very sick. The killer bee stings you.
* * * LOW HITPOINT WARNING * * *
The killer bee stings you.
* * * LOW HITPOINT WARNING * * *
You are more poisoned.
The killer bee poisons you! The killer bee stings you.
* * * LOW HITPOINT WARNING * * *
The killer bee closely misses you.
You bludgeon the killer bee!!
You kill the killer bee!
* * * LOW HITPOINT WARNING * * *
You feel very sick. The killer bee stings you!
You die...

#......................##..## #
##..........................####
##........###.....>.........###.#
#.......#.###.....#...........#..
#.......#.........#.........)....
##...#............#..............
##..##..#....####................
#.......##[#.###.†...............
###...####.####y@##...[.........)
####..##.#......##..........##...
......##....#).............##....
.....###...÷.........##....#.....
.....#.#.............##...##...##
........................>........
.........÷...<........<..........
.##.##.#.............##..........
.#.....#.#.#.........#.......#...


You could see a killer bee.

Vanquished Creatures
  A manticore (D:6)
  Sigmund (D:5)
  A steam dragon (D:6)
  Pargi (Sewer)
  An ice beast (D:6)
  2 ogres
  2 centaurs
  2 phantoms (D:6)
  A kobold brigand (D:6)
  A brain worm (Sewer)
  A gnoll sergeant (D:6)
  A scorpion (D:6)
  2 killer bees (D:6)
  2 bombardier beetles
  2 orc priests
  A hound (D:6)
  3 jellies
  A gnoll bouda (D:5)
  2 iguanas
  4 orc wizards
  11 adders
  9 gnolls
  2 ufetubi (D:5)
  3 dart slugs
  2 ribbon worms (D:4)
  29 orcs
  5 endoplasms
  2 giant cockroaches (D:3)
  7 goblins
  8 hobgoblins
  15 kobolds
  2 quokkas
  6 ball pythons
  8 bats
  A frilled lizard (D:3)
  5 rats
147 creatures vanquished.

Notes
Turn   | Place    | Note
-------+----------+-------------------------------------------
     0 | D:1      | anonymouscript the Troll Warper began the quest for the
                  | Orb.
     0 | D:1      | Reached XP level 1. HP: 19/19 MP: 1/1
   102 | D:1      | Reached XP level 2. HP: 27/27 MP: 3/3
   108 | D:1      | Learned a level 2 spell: Blink
   437 | D:1      | Found Tot Rum's Armour Boutique.
   655 | D:2      | Reached XP level 3. HP: 35/35 MP: 4/4
  1072 | D:2      | Reached skill level 1 in Throwing
  1126 | D:3      | Reached XP level 4. HP: 42/42 MP: 5/5
  1165 | D:3      | Found a radiant altar of Vehumet.
  1258 | D:3      | Learned a level 2 spell: Lesser Beckoning
  1265 | D:3      | Reached skill level 2 in Throwing
  1516 | D:3      | Learned a level 1 spell: Sandblast
  1596 | D:3      | Reached XP level 5. HP: 49/49 MP: 2/6
  1853 | D:3      | Reached skill level 3 in Throwing
  2115 | D:4      | Found a glowing drain.
  2171 | D:4      | Identified the +11 mace "Glorpo" {heavy, +Blink rN+}
  2190 | Sewer    | Entered a sewer
  2212 | Sewer    | Reached XP level 6. HP: 57/57 MP: 5/7
  2225 | Sewer    | Noticed Pargi
  2233 | Sewer    | Killed Pargi
  2780 | D:5      | Entered Level 5 of the Dungeon
  2790 | D:4      | Reached skill level 1 in Maces & Flails
  2843 | D:5      | Reached XP level 7. HP: 65/65 MP: 8/8
  2991 | D:5      | Noticed Sigmund
  3016 | D:5      | Killed Sigmund
  3017 | D:5      | Reached skill level 1 in Armour
  3333 | D:5      | Reached skill level 1 in Earth Magic
  3359 | D:5      | Reached skill level 4 in Throwing
  3408 | D:5      | Reached XP level 8. HP: 56/74 MP: 10/10
  3665 | D:6      | Found Biubeire's Distillery.
  3672 | D:6      | Bought a potion of curing for 30 gold pieces
  3672 | D:6      | Bought a potion of haste for 100 gold pieces
  3672 | D:6      | Bought a potion of ambrosia for 80 gold pieces
  3672 | D:6      | Bought a potion of heal wounds for 50 gold pieces
  3802 | D:6      | Noticed a manticore
  3827 | D:6      | Killed a manticore
  3828 | D:6      | Reached skill level 5 in Throwing
  3828 | D:6      | Reached skill level 1 in Stealth
  3900 | D:6      | Found an ancient bone altar of Kikubaaqudgha.
  3949 | D:6      | Reached XP level 9. HP: 81/81 MP: 11/11
  3991 | D:6      | Reached skill level 6 in Throwing
  4384 | D:6      | HP: 6/121 [killer bee (6)]
  4385 | D:6      | HP: 2/121 [poisoned by a killer bee]
  4385 | D:6      | Mangled by a killer bee

Illustrated notes

Levels and vault maps discovered:
D:1:      doesnt_arrival_eight_statues, layout_loops_cross, serial_shops, shop
D:2:      layout_rooms, interstate_on_off
D:3:      minmay_wonky_spiral, layout_basic, amcnicky_altar_gilded
D:4:      layout_loops_ring, portal_sewer_entry_a
D:5:      layout_basic, uniq_sigmund
D:6:      layout_cave_pools, mainiacjoe_overflow_cross_hatched, serial_shops,
          shop, kennysheep_dice
D:7:      layout_rooms, minmay_temple_entry_offerings, nicolae_shop_gadgets

Skill      XL: |  1  2  3  4  5  6  7  8  9 |
---------------+----------------------------+-----
Dodging        | 2 3 |  3.3
Throwing       | 1 2 3 4 5 6 |  6.1
Unarmed Combat | 3 |  3.3
Fighting       | 2 3 |  3.0
Maces & Flails | 1 3 4 |  4.5
Armour         | 1 2 |  2.6
Spellcasting   | 2 |  2.8
Earth Magic    | 1 |  1.7
Stealth        | 1 |  1.0
Translocations | 3 |  3.0

Action                     |  1- 3 |  4- 6 |  7- 9 || total
---------------------------+-------+-------+-------++-------
  Melee: Unarmed           |    79 |    68 |       ||   147
         Mace              |       |    32 |    82 ||   114
  Throw: Boomerang         |    58 |    38 |    66 ||   162
         Dart              |       |     6 |     9 ||    15
   Cast: Blink             |     1 |     1 |     2 ||     4
         Sandblast         |       |     5 |     6 ||    11
         Lesser Beckoning  |       |     2 |     2 ||     4
    Use: Scroll            |       |     4 |     4 ||     8
         Potion            |       |     1 |     3 ||     4
   Stab: Sleeping          |       |       |     1 ||     1
 Armour: Robe              |    65 |    72 |       ||   137
         Troll leather arm |       |    27 |   120 ||   147
  Dodge: Dodged            |    64 |    74 |    95 ||   233
         Repelled          |     3 |     1 |     1 ||     5

Table legend: (Time is in decaauts)
 A = Elapsed time spent in this place.
 B = Non-inter-level travel time spent in this place.
 C = Inter-level travel time spent in this place.
 D = Time resting spent in this place.
 E = Time spent auto-exploring this place.
 F = Levels seen in this place.
 G = Mean time per level.
                   A        B        C        D        E       F      G
               +--------+--------+--------+--------+--------+-----+--------+
         Total |   4533 |   4309 |    224 |     10 |   2940 |   8 |  566.6 |
       Dungeon |   4410 |   4186 |    224 |     10 |   2917 |   7 |  630.0 |
         Sewer |    123 |    123 |      0 |      0 |     23 |   1 |  123.0 |
               +--------+--------+--------+--------+--------+-----+--------+

Top non-repeatable levels by time:
     D:4: 896 daAuts
     D:3: 853 daAuts
     D:5: 780 daAuts
     D:6: 767 daAuts
     D:1: 587 daAuts
     D:2: 500 daAuts
   Sewer: 123 daAuts
     D:7: 23 daAuts
